[Event "*** SCC Grand Prix: Titled Tuesday Blitz"]
[Site "Chess.com"]
[Date "2020.10.13"]
[Round "9"]
[White "akanga001"]
[Black "kinga2008"]
[Result "0-1"]
[WhiteElo "1859"]
[BlackElo "2181"]
[TimeControl "180+1"]
[EndTime "11:44:52 PDT"]
[Termination "kinga2008 won on time"]

1. d4 c5 2. d5 e6 3. c4 exd5 4. cxd5 d6 5. Nc3 g6 6. e4 Bg7 7. Nf3 Ne7 8. Bb5+ Bd7 9. Be2 O-O 10. a4 f5 11. O-O a6 12. Ng5 fxe4 13. Ncxe4 Nf5 14. Ne6 Bxe6 15. dxe6 Nc6 16. Qd5 Kh8 17. Bg5 Qc7 18. Rad1 Ncd4 19. Bc4 h6 20. e7 Rfe8 21. Bf6 Nxe7 22. Bxg7+ Kxg7 23. Qxd6 Qxd6 24. Nxd6 Rf8 25. Rfe1 Nec6 26. Nxb7 Rab8 27. Nxc5 Rxb2 28. Bxa6 Rfxf2 29. Bf1 Nc2 30. Nd3 Nxe1 31. Nxf2 Nc2 32. Rd7+ Kf6 33. Nd3 Rb1 34. Rd6+ Ke7 35. Rxc6 Ne3 36. Rc7+ Kd6 37. Rc1 Rb3 0-1

[Event "*** SCC Grand Prix: Titled Tuesday Blitz"]
[Site "Chess.com"]
[Date "2020.10.13"]
[Round "9"]
[White "youngKID"]
[Black "Alexander_Zubov"]
[Result "1-0"]
[WhiteElo "2828"]
[BlackElo "2906"]
[TimeControl "180+1"]
[EndTime "11:44:54 PDT"]
[Termination "youngKID won on time"]

1. e4 c5 2. Nf3 e6 3. d4 cxd4 4.
Nxd4 a6 5. c4 Nf6 6. Nc3 Bb4 7.
Qd3 d6 8. Be2 Nbd7 9. O-O O-O 10. Qc2 Qc7 11. Bd2 Bc5 12. Nb3 Ba7 13. Rad1 h6 14.
Bf4 Ne5 15. Rd2 Re8 16. Nb1 Qc6 17. Nc3 Nxc4 18. Bxc4 Qxc4 19. Bxd6 e5 20. Na5 Qe6 21. Na4 Qg4 22. Re1 Nh5 23. Bc5 Nf4 24. f3 Qg6 25. Bxa7 Rxa7 26. Qc5 Ra8 27. Nb6 Rb8 28.
Qd6 Be6 29. Qxe5 Bh3 30. Qxf4 Qxb6+ 31. Kh1 Qxa5 32. gxh3 Rbd8 33. Rde2 Qxa2 34. Rg1 Re6 35. Reg2 Qxb2 36. e5 Qxe5 37. Qh4 1-0

[Event "*** SCC Grand Prix: Titled Tuesday Blitz"]
[Site "Chess.com"]
[Date "2020.10.13"]
[Round "9"]
[White "BillieKimbah"]
[Black "iwanyu"]
[Result "0-1"]
[WhiteElo "2919"]
[BlackElo "2826"]
[TimeControl "180+1"]
[EndTime "11:44:55 PDT"]
[Termination "iwanyu won by checkmate"]

1. f4 Nh6 2. Nf3 d5 3. g3 g6 4.
Bg2 Bg7 5. d3 c6 6. O-O Qb6+ 7.
d4 Nf5 8. c3 h5 9. a4 a5 10. e3 Nd7 11. Qe2 Nf6 12. Ne5 Nd6 13. h3 Bf5 14. Nd2 Nfe4 15. Nxe4 Bxe4 16. Nf3 Nf5 17.
Qe1 Bd3 18. Rf2 Qa6 19. Rd2 Be4 20. Ng5 Bxg2 21. Rxg2 Qd3 22. e4 dxe4 23. Qxe4 Qd1+ 24.
Kh2 h4 25. gxh4 Rxh4 26. Rg1 Qb3 27. Ra3 Qc4 28. Bd2 Bf6 29. b3 Qa6 30. Nf3 Rh5 31. Raa1 O-O-O 32. Rae1 Rdh8 33. Kg2 Rxh3 34. Qe2 Qb6 35.
Qc4 Qc7 36. Qxf7 Nh4+ 37. Nxh4 R3xh4 38. Rh1 Qd7 39. Rxh4 Bxh4 40. Re3 Qg4+ 41. Kf1 Qd1+ 42. Be1 Bxe1 43. Qe6+ Kb8 44. Qe5+ Ka7 45. Qxa5+ Kb8 46. Qe5+ Ka7 47. Rxe1 Qf3+ 48. Kg1 Rh1# 0-1

[Event "*** SCC Grand Prix: Titled Tuesday Blitz"]
[Site "Chess.com"]
[Date "2020.10.13"]
[Round "9"]
[White "Morshynska"]
[Black "Kotofeyca"]
[Result "1-0"]
[WhiteElo "2254"]
[BlackElo "2341"]
[TimeControl "180+1"]
[EndTime "11:44:55 PDT"]
[Termination "Morshynska won by checkmate"]

1. Nf3 d5 2. g3 c6 3. Bg2 Bg4 4. O-O Nd7 5. h3 Bh5 6. d3 e5 7.
Qe1 Ngf6 8. Nc3 Bb4 9. a3 Ba5 10.
b4 Bb6 11. Bb2 O-O 12. e4 dxe4 13. Nxe4 Nxe4 14. Qxe4 Re8 15. Rfe1 Qf6 16. c4 Rad8 17. d4 Bg6 18. Qe2 e4 19. Ne5 Bc7 20. Nxg6 hxg6 21.
d5 Qe7 22. dxc6 bxc6 23. Qxe4 Qf8 24. Qxc6 Bb8 25. Rxe8 Qxe8 26. Rd1 Ne5 27. Qxe8+ Rxe8 28. c5 f5 29. c6 Rc8 30. b5 Nc4 31. Bc1 a6 32. a4 axb5 33. axb5 Ba7 34. Kf1 Bb6 35. Bd5+ Kh7 36. Bxc4 Ra8 37. Be3 Ra2 38. Bxb6 Rc2 39. Bd3 Rb2 40. c7 Rb3 41. Ba7 Ra3 42. c8=Q Rxa7 43. Bxf5 gxf5 44. Qxf5+ Kh6 45. Rd6+ g6 46. Qxg6# 1-0

[Event "*** SCC Grand Prix: Titled Tuesday Blitz"]
[Site "Chess.com"]
[Date "2020.10.13"]
[Round "9"]
[White "maximnovik"]
[Black "googlegoom"]
[Result "1-0"]
[WhiteElo "2532"]
[BlackElo "2373"]
[TimeControl "180+1"]
[EndTime "11:44:56 PDT"]
[Termination "maximnovik won by resignation"]

1. d4 d5 2. c4 c6 3. Nc3 Nf6 4. Bf4 e6 5. e3 Bd6 6. Bg3 a6 7.
Nf3 b5 8. c5 Bxg3 9. hxg3 Nbd7 10. Bd3 Qc7 11. Qc2 h6 12. a3 e5 13. Bf5 e4 14. Nd2 Nxc5 15. dxc5 Bxf5 16. Nb3 Nd7 17. Nd4 Bg6 18. Nce2 Ne5 19. Nf4 Nd3+ 20. Nxd3 exd3 21. Qc3 O-O 22. O-O Rfe8 23. b4 a5 24. a4 axb4 25. Qxb4 bxa4 26. Rxa4 Reb8 27. Qa3 Qb7 28. Rd1 Kh7 29.
g4 f6 30. Ra1 Rxa4 31. Qxa4 d2 32. Rd1 Qb1 33. Kh2 Rb4 34. Rxb1 Rxa4 35. Rd1 Ra2 36. Nf3 Rc2 37. Rxd2 Rxc5 38. Rb2 Be4 39. Nd4 Rc1 40.
Rb7 Kg6 41. f3 Bd3 42. Ne6 f5 43. Nf4+ Kg5 44. Nxd3 g6 45. Nxc1 1-0

[Event "*** SCC Grand Prix: Titled Tuesday Blitz"]
[Site "Chess.com"]
[Date "2020.10.13"]
[Round "9"]
[White "Grieve72"]
[Black "nitpicker"]
[Result "1-0"]
[WhiteElo "2458"]
[BlackElo "2292"]
[TimeControl "180+1"]
[EndTime "11:44:57 PDT"]
[Termination "Grieve72 won on time"]

1. d4 Nf6 2. Bg5 d5 3. Bxf6 exf6 4. e3 Bd6 5. g3 c6 6. Bg2 O-O 7. Ne2 Be6 8. O-O Nd7 9. b3 f5 10. Qd3 Nf6 11. c4 Qe7 12. Nbc3 Rad8 13. c5 Bc7 14. b4 Ne4 15. Nf4 Rfe8 16. a4 Bd7 17. Nfxd5 cxd5 18. Nxd5 Qg5 19. Nxc7 Re7 20. Nd5 Ree8 21. b5 h5 22. h4 Qg4 23. Qd1 Bxb5 24. axb5 Rxd5 25.
Qxg4 hxg4 26. Rxa7 Rb8 27. Rxb7 Rxb7 28. b6 Rd8 29.
Ra1 Rc8 30. Kf1 Kf8 31. Ke2 Ke7 32. Kd3 Kd7 33. Bxe4 fxe4+ 34. Kxe4 Kc6 35. Kf5 Rd8 36.
Kxg4 Rd5 37. Ra8 Re7 38. Kf4 g6 39. g4 Rdd7 40. Rf8 Rb7 41. h5 gxh5 42. gxh5 Kd5 43. h6 f6 44. Rxf6 Rh7 45. Rd6+ Kc4 46. Kg5 Rbf7 47. Kg6 Kb5 48. f4 Ka6 49. f5 Kb7 50. f6 1-0

[Event "*** SCC Grand Prix: Titled Tuesday Blitz"]
[Site "Chess.com"]
[Date "2020.10.13"]
[Round "9"]
[White "ShcufNaiRolf"]
[Black "kintoho"]
[Result "1-0"]
[WhiteElo "2330"]
[BlackElo "2476"]
[TimeControl "180+1"]
[EndTime "11:44:58 PDT"]
[Termination "ShcufNaiRolf won by resignation"]

1. e4 c6 2. d4 d5 3. Nd2 dxe4 4. Nxe4 Nf6 5. Nxf6+ exf6 6. c3 Bd6 7. Bd3 O-O 8. Qc2 h5 9. Ne2 Re8 10. Bd2 Qc7 11.
O-O-O h4 12. h3 b5 13. g3 Nd7 14. gxh4 Nb6 15. Rdg1 Kf8 16. h5 Nc4 17. h6 g6 18. h7 Ke7 19. h4 Nxd2 20. Qxd2 Be6 21. h5 g5 22. Kb1 Kd7 23. f4 gxf4 24. Rg7 f3 25. Nc1 Bf4 26. Qc2 Bh6 27. Rgg1 Qf4 28. Rf1 Kc7 29. a4 a6 30. Be4 Bc4 31. Bxf3 Bxf1 32.
Rxf1 Qg5 33. Nd3 Re3 34. Nb4 Rae8 35. Nxa6+ Kb6 36. axb5 cxb5 37. Nc5 Re1+ 38. Rxe1 Rxe1+ 39. Ka2 Re8 40. Kb3 f5 41. Qh2 Qe7 42. Qh3 Qf6 43. Qh2 f4 44. Qf2 Qf5 45. d5 Kc7 46. Na6+ Kb7 47. Nb4 Qf6 48. Qc5 Qb6 49. Qc6+ Qxc6 50. dxc6+ Kb6 51. Nd5+ Kc5 52. Nf6 Rh8 53. c7 Bg7 54.
Bg4 Bxf6 55. c8=Q+ Rxc8 56. Bxc8 f3 57. Bh3 Kd5 58.
Bf1 f2 59. Kb4 Ke4 60. Kxb5 Ke3 61. c4 Kd2 62. c5 Ke1 63. Bc4 f1=Q 64. Bxf1 Kxf1 65.
c6 Be5 66. c7 Bxc7 67. h8=Q f6 68. Qxf6+ 1-0

[Event "*** SCC Grand Prix: Titled Tuesday Blitz"]
[Site "Chess.com"]
[Date "2020.10.13"]
[Round "9"]
[White "Shield12"]
[Black "vaishali2001"]
[Result "1/2-1/2"]
[WhiteElo "2826"]
[BlackElo "2601"]
[TimeControl "180+1"]
[EndTime "11:44:59 PDT"]
[Termination "Game drawn by repetition"]

1. e4 c5 2. Nf3 Nc6 3. Bb5 g6 4.
Bxc6 bxc6 5. O-O Bg7 6. Re1 Nh6 7. c3 O-O 8. h3 f6 9. d4 cxd4 10. cxd4 d5 11. Nc3 Rb8 12. b3 dxe4 13. Nxe4 Be6 14.
Bf4 Rb4 15. Qd2 a5 16. Bxh6 Bxh6 17. Qxh6 Bd5 18. Qe3 e5 19. Rad1 f5 20. Nc3 e4 21.
Ne5 f4 22. Qc1 f3 23. Nxd5 cxd5 24. Nc6 Qh4 25. Nxb4 fxg2 26. Qe3 Rf3 27. Kxg2 Qxh3+ 28. Kg1 Qg4+ 29. Kf1 Qh3+ 30. Kg1 Qg4+ 31. Kf1 Rxe3 32. fxe3 Qf3+ 33. Kg1 Qg3+ 34. Kf1 axb4 35. Rd2 h5 36. Rg2 Qf3+ 37. Rf2 Qh3+ 38. Ke2 Kh7 39. Rg1 Qc8 40. Rf7+ Kh6 41. Rf6 Qc2+ 42. Ke1 Qc1+ 43. Kf2 Qd2+ 44. Kf1 Qc1+ 45. Kf2 Qd2+ 46. Kf1 Qd1+ 47. Kf2 Qd2+ 1/2-1/2

[Event "*** SCC Grand Prix: Titled Tuesday Blitz"]
[Site "Chess.com"]
[Date "2020.10.13"]
[Round "9"]
[White "fabianvivasz"]
[Black "picturesquecheck"]
[Result "0-1"]
[WhiteElo "2329"]
[BlackElo "2238"]
[TimeControl "180+1"]
[EndTime "11:45:01 PDT"]
[Termination "picturesquecheck won by checkmate"]

1. e4 c5 2. Nc3 Nc6 3. Bb5 g6 4. Bxc6 dxc6 5. f4 Bg7 6. Nf3 Nf6 7. d3 O-O 8. O-O b6 9. Qe1 Nd7 10. f5 b5 11. Qh4 b4 12. Ne2 Ba6 13. Bh6 c4 14. Ng5 Bf6 15. Bxf8 Nxf8 16. Qg3 cxd3 17. Rfd1 Bxb2 18. fxg6 hxg6 19. cxd3 Bxa1 20. Rxa1 Qxd3 21. Qf2 Qxe2 22. Qxf7+ Kh8 23. Qxe7 Qe3+ 24. Kh1 Qd4 25. Nf7+ Kg8 26. Nh6+ Kh8 27. Re1 Qg7 28. Qh4 Nh7 29. e5 g5 30. Qh5 Bc4 31. h3 Rf8 32. e6 Nf6 33. Nf7+ Kg8 34. Qf3 Rxf7 35. exf7+ Bxf7 36. Qxc6 Nd5 37. Qc8+ Kh7 38. Qf5+ Qg6 39. Qe5 Nf4 40. Rf1 Bd5 41. Qd4 Bxg2+ 42. Kh2 Bxf1 43. Qxb4 Bxh3 44.
Qe7+ Qg7 45. Qxg7+ Kxg7 46. Kg3 Be6 47. a3 Kf6 48. Kf3 Kf5 49. a4 g4+ 50. Kg3 Nh5+ 51.
Kf2 Kf4 52. Kg2 g3 53. a5 Bd5+ 54. Kh3 g2 55. Kh2 Kg4 56. a6 Nf4 57. Kg1 Nh3+ 58. Kh2 g1=Q# 0-1

[Event "*** SCC Grand Prix: Titled Tuesday Blitz"]
[Site "Chess.com"]
[Date "2020.10.13"]
[Round "9"]
[White "Margarita2907"]
[Black "niki_2003"]
[Result "1-0"]
[WhiteElo "2172"]
[BlackElo "1791"]
[TimeControl "180+1"]
[EndTime "11:45:01 PDT"]
[Termination "Margarita2907 won by checkmate"]

1. e4 c5 2. Nf3 d6 3. d4 cxd4 4. Nxd4 Nf6 5. Nc3 g6 6. Be3 Bg7 7. f3 Nc6 8. Qd2 O-O 9. Bc4 Bd7 10. h4 Rc8 11. Bb3 h5 12. O-O-O Ne5 13. Bg5 Nc4 14.
Bxc4 Rxc4 15. Nce2 Ra4 16. Kb1 Qa5 17. Qxa5 Rxa5 18.
Nc3 Ra6 19. Nb3 Be6 20. Nd5 Nxd5 21. exd5 Bf5 22. Bxe7 Rc8 23. Rd2 f6 24. Nd4 Kf7 25. Re1 Bh6 26. Rde2 Bd7 27. c3 Bf4 28. Ne6 Bg3 29.
Nd8+ Kg7 30. Rd1 Bxh4 31. Ne6+ Kf7 32. Nd8+ Kg7 33. a3 Ba4 34. Rh1 Bg5 35. Ne6+ Kh6 36. Nxg5 fxg5 37. Bf6 Bd7 38. Rhe1 Bf5+ 39. Ka2 Bd3 40. Re7 Bc4+ 41. Ka1 h4 42. Rd7 Rf8 43. Ree7 Bxd5 44. Rh7# 1-0

[Event "*** SCC Grand Prix: Titled Tuesday Blitz"]
[Site "Chess.com"]
[Date "2020.10.13"]
[Round "9"]
[White "Heineccius"]
[Black "frederiksvane"]
[Result "0-1"]
[WhiteElo "2526"]
[BlackElo "2692"]
[TimeControl "180+1"]
[EndTime "11:45:03 PDT"]
[Termination "frederiksvane won by resignation"]

1. d4 Nf6 2. c4 e6 3. Nc3 Bb4 4.
g3 O-O 5. Bg2 d5 6. Nf3 dxc4 7.
O-O a6 8. Ne5 Nd5 9. Qc2 Nb6 10.
Rd1 N8d7 11. Ne4 Nf6 12. Nxc4 Nxc4 13. Qxc4 Be7 14. Bf4 c6 15. Nc3 Bd7 16. e4 Qb6 17. Rab1 Qb4 18. Qe2 Rfe8 19. Bf1 Rad8 20. f3 c5 21. Be3 cxd4 22. Rxd4 Qa5 23. Rbd1 e5 24.
R4d2 Be6 25. Rxd8 Rxd8 26. Rxd8+ Qxd8 27. Qc2 Qc7 28. Qf2 Nd7 29. Nd5 Bxd5 30. exd5 Bc5 31.
Bxc5 Qxc5 32. Qxc5 Nxc5 33. Kf2 Kf8 34. Ke3 Ke7 35. b4 Nd7 36. Bc4 Kd6 37. Bb3 f5 38. g4 g6 39. gxf5 gxf5 40. Bc2 f4+ 41. Ke4 Nf6+ 42.
Kf5 Nxd5 43. Kg5 Nxb4 44. Bxh7 Nxa2 45. Bf5 Nc3 46. h4 e4 47. h5 e3 48. Bd3 Ke7 49. Kg6 Kf8 50. Bc4 e2 51. h6 e1=Q 0-1

[Event "*** SCC Grand Prix: Titled Tuesday Blitz"]
[Site "Chess.com"]
[Date "2020.10.13"]
[Round "9"]
[White "Balla_Tamas"]
[Black "Larina_Marija"]
[Result "0-1"]
[WhiteElo "2447"]
[BlackElo "2297"]
[TimeControl "180+1"]
[EndTime "11:45:04 PDT"]
[Termination "Larina_Marija won by resignation"]

1. d4 f5 2. Nc3 Nf6 3. Bg5 d5 4. Bxf6 exf6 5. e3 Be6 6. Bd3 Qd7 7. Qf3 g6 8. Nge2 Nc6 9. a3 O-O-O 10. h3 Kb8 11. Nf4 Bf7 12. O-O-O Na5 13. g4 fxg4 14. hxg4 Qc6 15. Bb5 Qb6 16. a4 c6 17. Bd3 Bb4 18.
Nfe2 c5 19. dxc5 Bxc5 20. Nb5 a6 21. Nbd4 Ka8 22. Kb1 Rc8 23. Nc1 Nc4 24. Ncb3 Bb4 25.
Rh6 Nxb2 26. Kxb2 Bc3+ 27. Ka2 Qb4 28. Ne2 Qxa4+ 29. Kb1 d4 30. Nxc3 dxc3 31. Bxa6 Qxa6 32. Rd7 Bxb3 33. Rxb7 Qxb7 34. Qxb7+ Kxb7 35. cxb3 c2+ 36.
Kc1 Rhd8 37. Rh1 Rd1+ 38. Rxd1 cxd1=Q+ 39. Kxd1 Rc3 40. Ke2 Rxb3 41. Kd2 Rb2+ 42. Kd3 Rxf2 43. Ke4 Rg2 44. Kf3 Rg1 45. Kf2 Rc1 46. Kf3 f5 47. e4 fxe4+ 48. Kxe4 h5 49. Kf3 hxg4+ 50. Kxg4 Rc6 51. Kg5 Kc7 52. Kg4 Kd7 53. Kg5 Ke7 54. Kg4 Kf7 55. Kg3 Kf6 56. Kg2 Kf5 57. Kh2 Kf4 58. Kg2 Kg4 59. Kh2 Rc2+ 60. Kg1 Kg3 0-1

[Event "*** SCC Grand Prix: Titled Tuesday Blitz"]
[Site "Chess.com"]
[Date "2020.10.13"]
[Round "9"]
[White "RoelandPruijssers"]
[Black "monalize"]
[Result "1-0"]
[WhiteElo "2479"]
[BlackElo "2308"]
[TimeControl "180+1"]
[EndTime "11:45:05 PDT"]
[Termination "RoelandPruijssers won on time"]

1. e4 c5 2. Nf3 d6 3. d4 cxd4 4. Nxd4 Nf6 5. Nc3 a6 6. Be3 e6 7.
f4 b5 8. a3 Bb7 9. Bd3 Nbd7 10.
O-O Qc7 11. Qf3 h5 12. Kh1 Be7 13. Rae1 Rc8 14. Bd2 Nb6 15. b3 Nbd7 16. a4 b4 17. Nd1 d5 18. e5 Ne4 19. Be3 g6 20. Nf2 Ndc5 21. Qh3 Nxf2+ 22. Bxf2 Ne4 23. Bh4 Bxh4 24. Qxh4 Qe7 25. Qh3 Kf8 26. Qe3 Kg7 27. f5 exf5 28.
Rxf5 Rhf8 29. Ref1 Kg8 30. Qh6 gxf5 31. Nxf5 Qg5 32. Bxe4 Qxh6 33. Nxh6+ Kh8 34. Bd3 Rc7 35. e6 d4 36. exf7 Kg7 37. Nf5+ Kh8 38. Nxd4 Rcxf7 39. Re1 Rf6 40. Kg1 Rf2 41. Nf3 Bxf3 42. Kxf2 Bd5+ 43.
Kg1 Rf4 44. Re5 Bf7 45. Bxa6 Kg7 46. Bd3 Rd4 47. Re3 Kh6 48. a5 1-0

[Event "*** SCC Grand Prix: Titled Tuesday Blitz"]
[Site "Chess.com"]
[Date "2020.10.13"]
[Round "9"]
[White "TokChess"]
[Black "QuintilianoR"]
[Result "0-1"]
[WhiteElo "2421"]
[BlackElo "2630"]
[TimeControl "180+1"]
[EndTime "11:45:07 PDT"]
[Termination "QuintilianoR won by resignation"]

1. Nf3 Nf6 2. g3 e6 3. Bg2 d5 4. O-O Be7 5. c4 O-O 6. d4 dxc4 7. Qc2 b6 8. Bg5 Nd5 9. Bxe7 Qxe7 10. Qxc4 Ba6 11. Qc2 Nd7 12. Rc1 c5 13. Nc3 Bb7 14.
dxc5 Nxc5 15. Nd4 Nxc3 16. Qxc3 Rfd8 17. Rd1 Rac8 18. Bxb7 Qxb7 19. Qe3 a6 20. Nf3 h6 21. Rac1 a5 22. Ne5 Rd5 23. Rxd5 Qxd5 24. Nd3 Qxa2 25. Nxc5 Rxc5 26. Rxc5 bxc5 27. Qxc5 Qxb2 28. Qxa5 Qxe2 29. Qa8+ Kh7 30. h4 Qd1+ 31. Kh2 Qd5 32. Qa3 f6 33. Qe3 Qf5 34. Qd2 h5 35. Qe3 e5 36. Qd2 Kg6 37. Qe3 Qc2 38. Qf3 Qf5 39. Qe3 Qg4 40. Qd2 Qe4 41. Qc3 Kh7 42. Qd2 Qf3 43. Qc2+ f5 44.
Qd2 f4 45. Qc2+ Kh6 46. Qd2 g6 47. Qb2 fxg3+ 48. fxg3 Qe3 49. Qb4 Qf2+ 50. Kh3 Qf1+ 51. Kh2 Qf6 52. Qe4 Qf2+ 53. Kh1 Qf1+ 54. Kh2 Qf2+ 55.
Kh1 Qxg3 56. Qb4 Qh3+ 57. Kg1 Qg4+ 0-1

[Event "*** SCC Grand Prix: Titled Tuesday Blitz"]
[Site "Chess.com"]
[Date "2020.10.13"]
[Round "9"]
[White "PawnEatingZombie"]
[Black "PavelChernomordik"]
[Result "1-0"]
[WhiteElo "2202"]
[BlackElo "2314"]
[TimeControl "180+1"]
[EndTime "11:45:07 PDT"]
[Termination "PawnEatingZombie won by resignation"]

1. d4 g6 2. e4 Bg7 3. Nc3 d6 4. g3 Nf6 5. Bg2 O-O 6. Nge2 Nbd7 7. O-O c5 8. h3 Rb8 9. a4 b6 10. Be3 Bb7 11. g4 a6 12. Ng3 Qc7 13. Qd2 cxd4 14. Bxd4 e5 15. Be3 Nc5 16. Rfd1 Rbd8 17. g5 Ne8 18.
Nd5 Bxd5 19. Qxd5 Ne6 20. c3 Nf4 21. Qd2 Nxg2 22. Kxg2 f5 23. gxf6 Nxf6 24. Qc2 Qc6 25. Qb3+ Kh8 26. Qxb6 Qa8 27. Rxd6 Rxd6 28. Qxd6 Nxe4 29. Nxe4 Qxe4+ 30. Kg1 h5 31. a5 Rf3 32. Qd7 Rf5 33. Rd1 Qf3 34. Qe8+ Kh7 35. Rd8 Rf8 36. Qd7 Rxd8 37. Qxd8 Qxh3 38. Qb6 Qg3+ 39. fxg3 e4 40.
Qxa6 Be5 41. Qf1 Bxg3 42. a6 Bb8 43. a7 Bxa7 44. Bxa7 g5 45. Qf5+ Kh6 46. Bd4 g4 47. Be3+ Kg7 48. Qg5+ Kf7 49. Qxh5+ Ke6 50. Qxg4+ Kd5 51.
Qf5+ Kc4 52. Qxe4+ Kb3 53. Qd5+ Kxb2 54. c4 1-0

[Event "*** SCC Grand Prix: Titled Tuesday Blitz"]
[Site "Chess.com"]
[Date "2020.10.13"]
[Round "9"]
[White "ChronicUnhappiness"]
[Black "GAusal"]
[Result "1-0"]
[WhiteElo "2352"]
[BlackElo "2051"]
[TimeControl "180+1"]
[EndTime "11:45:09 PDT"]
[Termination "ChronicUnhappiness won on time"]

1. d4 d5 2. c4 c6 3. Nf3 Nf6 4. e3 e6 5. Nc3 Nbd7 6. b3 Bb4 7. Bd2 Be7 8. Bd3 O-O 9. O-O a6 10. e4 dxe4 11. Nxe4 Nxe4 12. Bxe4 Nf6 13. Bc2 b5 14. c5 a5 15. a3 Nd5 16. Ne5 Bd7 17. Re1 f6 18. Nxd7 Qxd7 19. Qh5 g6 20. Bxg6 hxg6 21.
Qxg6+ Kh8 22. Re4 f5 23. Rxe6 Nf6 24. Rae1 Bd8 25. R1e3 Qg7 26. Qxf5 Nd5 27. Rh3+ Kg8 28. Qh5 Nf4 29. Bxf4 Rxf4 30. Rg3 Rxd4 31. Rxg7+ Kxg7 32. Qe5+ Kf7 33. Qxd4 Kxe6 34. Qd6+ Kf7 35. Qxc6 Ra7 36. Qd5+ Ke8 37. c6 Re7 38. g4 Bc7 39. Qxb5 Rg7 40. h3 Re7 41. Kg2 Kf7 42. b4 Re6 43. Qc4 axb4 44.
axb4 Ke7 45. b5 Rd6 46. g5 Bb6 47. h4 Rd4 48. Qxd4 Bxd4 49. h5 Bb6 50. f4 Ke6 51. h6 1-0

[Event "*** SCC Grand Prix: Titled Tuesday Blitz"]
[Site "Chess.com"]
[Date "2020.10.13"]
[Round "9"]
[White "onnoelgersma"]
[Black "MaxLeto"]
[Result "0-1"]
[WhiteElo "2471"]
[BlackElo "2333"]
[TimeControl "180+1"]
[EndTime "11:45:10 PDT"]
[Termination "MaxLeto won by resignation"]

1. Nf3 d5 2. d4 Nf6 3. c4 c6 4. g3 g6 5. Bg2 Bg7 6. O-O O-O 7.
cxd5 cxd5 8. Bf4 Nc6 9. Ne5 Bd7 10. Nc3 e6 11. Rc1 Rc8 12. Qd2 Re8 13. h4 Nh5 14.
Bg5 f6 15. Nxc6 Bxc6 16. Bh6 Bh8 17. g4 Ng7 18. e4 dxe4 19. Nxe4 Bxe4 20. Bxe4 Rxc1 21.
Rxc1 f5 22. Bg5 Qd7 23. Bg2 fxg4 24. d5 Nf5 25. dxe6 Qxd2 26. Bxd2 Nxh4 27. Bxb7 Nf3+ 28. Bxf3 gxf3 29. Rc6 Bxb2 30. Kh2 Be5+ 31. Kh3 Kg7 32. Bg5 h6 33. Be3 g5 34. Kg4 Kg6 35. Bc5 h5+ 36.
Kh3 Kf5 37. Be3 g4+ 38. Kh4 Bf6+ 39. Kxh5 Rh8+ 40. Bh6 Bg7 41. e7 g3 42. e8=Q Rxe8 43.
Rc5+ Kf6 44. Rc6+ Kf5 45. Bxg7 gxf2 46. Rf6+ Ke4 47. Bh6 f1=Q 48. Rf4+ Ke3 49. Rf8+ Kf2 50. Rxe8 Qb5+ 51. Bg5 Qxe8+ 52. Kg4 Qa4+ 53. Kh5 Qxa2 54. Bh4+ Kg2 55. Kg4 f2 0-1

[Event "*** SCC Grand Prix: Titled Tuesday Blitz"]
[Site "Chess.com"]
[Date "2020.10.13"]
[Round "9"]
[White "Oglob71"]
[Black "kidagent"]
[Result "0-1"]
[WhiteElo "2454"]
[BlackElo "2291"]
[TimeControl "180+1"]
[EndTime "11:45:10 PDT"]
[Termination "kidagent won by resignation"]

1. d4 d5 2. Nf3 Nf6 3. c4 c6 4.
Qc2 g6 5. Bf4 Bf5 6. Qb3 Qb6 7.
c5 Qxb3 8. axb3 Na6 9. e4 dxe4 10.
Bxa6 bxa6 11. Ne5 Nd5 12. Bd2 Bg7 13. Nxc6 O-O 14. Rxa6 Bd7 15. Ne5 Bb5 16. Ra5 a6 17. Na3 Rfb8 18. Nxb5 Rxb5 19. Rxb5 axb5 20. O-O Ra2 21.
Rb1 f6 22. Nc6 Kf7 23. Kf1 Ke6 24. Nb4 Nxb4 25. Bxb4 Kd5 26. Rc1 Ra6 27. Bc3 f5 28. b4 Rc6 29. Ra1 Bxd4 30. Ra7 Bxc3 31.
bxc3 Kc4 32. Rb7 Kxc3 33. Rxb5 Kd2 34. g3 e5 35. Rb6 Rc8 36. c6 f4 37. Kg2 f3+ 38. Kh3 Ke2 39. b5 Kxf2 40. Ra6 e3 41.
b6 Rxc6 42. b7 Rxa6 43. b8=Q Ra2 44. Qb3 Re2 45. Qc3 e4 46. Qd4 Kg1 47. Qxe4 Rxh2+ 48. Kg4 e2 49. Qe3+ Rf2 50. Kh3 Kf1 51. Qd3 h5 52. g4 hxg4+ 53. Kxg4 Kg2 54. Qd2 Rf1 55. Qc2 Kh1 56.
Kh3 g5 57. Qc6 e1=Q 58. Kg4 Rg1+ 59. Kf5 Qg3 60. Kg6 Re1 61. Qd5 g4 62. Kg5 Re5+ 0-1

[Event "*** SCC Grand Prix: Titled Tuesday Blitz"]
[Site "Chess.com"]
[Date "2020.10.13"]
[Round "9"]
[White "Sanyura"]
[Black "allvim"]
[Result "0-1"]
[WhiteElo "2469"]
[BlackElo "2329"]
[TimeControl "180+1"]
[EndTime "11:45:14 PDT"]
[Termination "allvim won by resignation"]

1. e4 c5 2. Nf3 d6 3. d4 cxd4 4. Nxd4 Nf6 5. Nc3 a6 6. Bg5 e6 7. f4 Be7 8. Qf3 Qc7 9. O-O-O Nbd7 10. h4 b5 11. a3 Bb7 12. Bd3 O-O-O 13. Kb1 Kb8 14.
Bxf6 Bxf6 15. g4 Bxd4 16. Ne2 Bb6 17. g5 Rc8 18. Rh3 d5 19. exd5 Bxd5 20. Qf1 Rhd8 21. Nc3 Bb7 22. Rh2 Nc5 23. Be2 Rxd1+ 24. Bxd1 Ne4 25.
Nxe4 Bxe4 26. Rd2 Rd8 27. Qe2 Rxd2 28. Qxd2 Qd8 29. Qe1 Qd4 30. h5 Qe3 31. Qb4 Qd4 32.
Qe1 Bf5 33. h6 gxh6 34. gxh6 Qxf4 35. Qc3 Qd4 36. Qg3+ Bc7 37. Qg8+ Qd8 38. Qg1 Bb6 39. Qg3+ Qc7 40. Qg8+ Qd8 41. Qg3+ Ka7 42. Qe1 Qc7 43. Qd2 Qd8 44. Qe1 Qd4 45. Qh1 Be4 46. Qf1 Bb7 47.
Qe1 e5 48. Qf1 e4 49. Ka2 Qc4+ 50. Qxc4 bxc4 51. Be2 Bd5 52. Kb1 Be3 53. b3 cxb3 54.
c4 Be6 55. Kb2 Bxh6 56. Kxb3 Bg7 57. Kb4 Kb6 58. c5+ Kb7 59. Bd1 f5 60. Be2 f4 61.
Bf1 f3 62. c6+ Kxc6 63. Bxa6 e3 64. Bd3 e2 0-1

[Event "*** SCC Grand Prix: Titled Tuesday Blitz"]
[Site "Chess.com"]
[Date "2020.10.13"]
[Round "9"]
[White "MisiekZielony"]
[Black "Vamostodorecto"]
[Result "1/2-1/2"]
[WhiteElo "2251"]
[BlackElo "2351"]
[TimeControl "180+1"]
[EndTime "11:45:14 PDT"]
[Termination "Game drawn by stalemate"]

1. c4 e5 2. Nc3 Nc6 3. Nf3 g6 4. d4 exd4 5. Nxd4 Bg7 6. Nxc6 bxc6 7. Bd2 Ne7 8. g3 Rb8 9. b3 d5 10. cxd5 cxd5 11. Bg2 O-O 12. O-O Ba6 13. Rc1 d4 14. Na4 d3 15. e3 Bb7 16. Bxb7 Rxb7 17. Nc5 Rb5 18. a4 Rb6 19. Ba5 Rc6 20. Qxd3 Qc8 21. Qd7 Qxd7 22. Nxd7 Rd8 23. Nc5 Rd5 24. b4 Bf8 25.
Nb3 Rd3 26. Nd4 Rxc1 27. Rxc1 Nd5 28. Rc4 Ra3 29. e4 Nc3 30. Nb5 Ra1+ 31. Kg2 Nxa4 32. Nxa7 c5 33. Nc6 cxb4 34. Bxb4 Nb6 35. Rd4 Bxb4 36.
Rxb4 Nd7 37. Rb7 Nc5 38. Rb8+ Kg7 39. e5 Ra2 40. Nd4 Nd3 41. e6 Rxf2+ 42. Kg1 fxe6 43. Nxe6+ Kf6 44. Rf8+ Kxe6 45. Rxf2 Nxf2 46. Kxf2 Kf6 47. Kf3 Kf5 48. g4+ Kg5 49. Kg3 h5 50. h4+ Kf6 51. gxh5 gxh5 52. Kf4 Kg6 53. Ke5 Kh6 54. Kf5 Kg7 55.
Kg5 Kh7 56. Kxh5 Kg7 57. Kg5 Kh7 58. Kh5 Kg7 59. Kg5 Kh7 60. h5 Kg7 61. h6+ Kh7 62.
Kh5 Kg8 63. Kg6 Kh8 64. h7 1/2-1/2

[Event "*** SCC Grand Prix: Titled Tuesday Blitz"]
[Site "Chess.com"]
[Date "2020.10.13"]
[Round "9"]
[White "shnitez"]
[Black "wanyaland"]
[Result "1-0"]
[WhiteElo "2496"]
[BlackElo "2282"]
[TimeControl "180+1"]
[EndTime "11:45:15 PDT"]
[Termination "shnitez won by resignation"]

1. c4 e5 2. Nc3 Nf6 3. Nf3 Nc6 4.
e3 e4 5. Ng5 Qe7 6. Qc2 Nb4 7.
Qb1 d5 8. cxd5 Bf5 9. f3 Nd3+ 10. Bxd3 exd3 11. e4 h6 12. Nh3 Bxh3 13. gxh3 O-O-O 14. Qxd3 c6 15. Qc4 Nxd5 16. Nxd5 Rxd5 17. O-O Rh5 18. d4 Rxh3 19. Bf4 Qe6 20. Qxe6+ fxe6 21. Kf2 Rh5 22. Be5 Rg8 23. Rg1 Rxe5 24. dxe5 Bc5+ 25. Ke2 Bxg1 26.
Rxg1 g5 27. h4 Kd7 28. hxg5 hxg5 29. f4 g4 30. Rh1 Rg7 31. Kf2 c5 32. Kg3 b5 33.
Rh4 c4 34. Rxg4 Rh7 35. Kg2 b4 36. Rg8 a5 37. Rg3 Kc6 38. Rg6 Kc5 39. Rxe6 Kd4 40. Kf3 Rh3+ 41. Kg4 Rh1 42. Rc6 Rg1+ 43. Kf5 c3 44.
bxc3+ bxc3 45. e6 Rg8 46. e7 Re8 47. Ke6 1-0